cohdb
Replays
Latest Replays
All Replays
Popular Replays
Top Player Replays
Match Explorer
How It Works
Community
CoH3 Stats
Reddit
Sign in to upload your games and track your stats! →
Sign in with Steam
Match 46089524
Unlisted
Match 46089524
Overview
Messages
Build Orders
End
Construct Barracks
Riflemen Squad
Riflemen Squad
Selects Heavy Weapons
Grenade Package
M1 Mortar Team
Engineer Squad
Selects Assault Carriers
Mechanized Support Center
Construct Motor Pool
M1918 Browning Automatic Rifles
M16 Multiple Gun Motor Carriage
Riflemen Squad
Forward Retreat Point
Designate Forward Repair Station
Selects Exchangeable Parts
M3 75 mm Gun Motor Carriage
M3 75 mm Gun Motor Carriage
M16 Multiple Gun Motor Carriage
Designate Forward Repair Station
Riflemen Squad
Improvised Armor
Bran
DrewP
Dillbro
Truax
Royalarty
Tur75
isaaac555555
aquacleanvg
0
0
Comments
sign in to comment!
No comments posted yet!